 Dungeon Crawl Stone Soup version 0.22-a0-322-g60b3cfd (webtiles) character file.

9083 GameOver the Destroyer (level 11, 0/97 HPs)
             Began as a Naga Wizard on Apr 2, 2018.
             Was a Believer of Cheibriados.
             Slain by Josephine
             ... wielding a +3 dagger of electrocution
              (17 damage)
             ... on level 10 of the Dungeon.
             The game lasted 01:11:57 (7656 turns).

GameOver the Destroyer (Naga Wizard)                Turns: 7656, Time: 01:11:58

Health: 0/97       AC:  8    Str: 20    XL:     11   Next: 41%
Magic:  0/16       EV: 14    Int: 31    God:    Cheibriados [**....]
Gold:   315        SH:  0    Dex: 25    Spells: 1/16 levels left

rFire    . . .     SeeInvis +   E - +1 quarterstaff (crush)
rCold    + . .     Gourm    .   (shield currently unavailable)
rNeg     . . .     Faith    .   m - +2 leather armour "Zaxtef" {*Contam rC+ Dex+5}
rPois    +         Spirit   .   o - +0 helmet
rElec    .         Reflect  .   (no cloak)
rCorr    +         Harm     .   (no gloves)
MR       +....                  (no barding)
Stlth    ++++......             (no amulet)
HPRegen  0.26/turn              z - ring of resist corrosion
MPRegen  0.15/turn              (no ring)

@: mighty, brilliant, agile, very slightly contaminated, heavily drained, very
slow
A: large, see invisible, deformed body, poison resistance, slowness 2, slow
metabolism 1, spit poison 1, AC +3
a: Spit Poison, Bend Time, Renounce Religion


You were on level 10 of the Dungeon.
You worshipped Cheibriados.
Cheibriados was pleased with you.
You were very hungry.

You visited 2 branches of the dungeon, and saw 11 of its levels.

You collected 412 gold pieces.
You spent 97 gold pieces at shops.

Inventory:

Hand Weapons
 n - a +1 short sword of venom
 w - a +0 trident of piercing
 B - a +1 flail of venom
 E - a +1 quarterstaff of crushing (weapon)
 F - a +1 scimitar of flaming
 K - a +0 morningstar
Missiles
 u - 5 silver javelins (quivered)
 v - 6 javelins of penetration
 y - 34 bolts
Armour
 m - the +2 leather armour "Zaxtef" (worn) {*Contam rC+ Dex+5}
   (You found it on level 7 of the Dungeon)

   It affects your dexterity (+5).
   It protects you from cold.
   It causes magical contamination when unequipped.
 o - a +0 helmet (worn)
Jewellery
 z - a ring of resist corrosion (left hand)
Wands
 a - a wand of clouds (5)
 r - a wand of digging (11)
 I - a wand of iceblast (8)
Scrolls
 f - 2 scrolls of remove curse
 g - a scroll of random uselessness {unknown}
 k - 4 scrolls of enchant weapon {unknown}
 l - 3 scrolls of enchant armour {unknown}
 q - 2 scrolls of magic mapping {unknown}
 C - a scroll of amnesia
 H - a scroll of immolation
Potions
 c - 2 potions of mutation
 p - 2 potions of cancellation
Comestibles
 d - 13 rations


   Skills:
 - Level 6.2(4.3) Fighting
 - Level 4.2(2.4) Staves
 + Level 4.6(2.8) Armour
 - Level 1.5(0.0) Dodging
 - Level 5.0(3.2) Stealth
 + Level 3.2(1.5) Spellcasting
 + Level 8.1(6.1) Conjurations
   Level 1.0(0.0) Summonings
 - Level 2.1(0.4) Translocations
 + Level 6.7(4.8) Fire Magic
 - Level 5.0(3.1) Air Magic
 - Level 5.1(3.3) Poison Magic
 * Level 7.2(5.3) Invocations


You had one spell level left.
You knew the following spells:

 Your Spells              Type           Power        Failure   Level  Hunger
a - Magic Dart            Conj           ####         1%          1    #......
b - Blink                 Tloc           N/A          1%          2    ##.....
d - Sticky Flame          Conj/Fire      ######..     1%          4    #####..
f - Fireball              Conj/Fire      ######....   3%          5    ######.
s - Mephitic Cloud        Conj/Pois/Air  #####...     1%          3    ###....


Dungeon Overview and Level Annotations

Branches:
Dungeon (10/15)            Temple (1/1) D:6
   Lair: D:8-11         Orc: D:9-12

Altars:
Ashenzari
Cheibriados
Dithmenos
Elyvilon
Fedhas
Hepliaklqana
Makhleb
Nemelex Xobeh
Okawaru
Ru
Trog
Uskayaw
Vehumet
Wu Jian
Xom
Yredelemnul
The Shining One

Shops:
D:4 (   D:9 *

Annotations:
D:7 exclusion: oklob plant
D:10 Josephine


Innate Abilities, Weirdness & Mutations

You cannot wear boots.
Your serpentine skin is tough. (AC +3)
You have supernaturally acute eyesight. (SInv)
Armour fits poorly on your strangely shaped body.
Your system is resistant to poisons. (rPois)
You cover ground very slowly.
You have a slow metabolism.
You can spit poison.


Message History

You destroy the wraith!
Cheibriados appreciates the change of pace.
The wraith convulses!
It was a scroll of holy word.
Josephine burns!
Josephine hits you with a dagger of electrocution.
* * * LOW HITPOINT WARNING * * *
Okay, then.
You feel better.
Josephine burns!
Josephine hits you but does no damage.
Casting: Sticky Flame (safe; 1% risk of failure)
Confirm with . or Enter, or press ? or * to list all spells.
Aiming: Sticky Flame (safe; 1% risk of failure)
Press: ? - help, Shift-Dir - straight line, f - wraith, p - Josephine
Aim: a wraith (severely damaged, dazed)
The sticky flame hits the wraith.
You destroy the wraith!
Cheibriados appreciates the change of pace.
Josephine burns!
Josephine hits you with a dagger of electrocution!
* * * LOW HITPOINT WARNING * * *
You are electrocuted!
You die...

.Z.W.W................#
....§@................#
...§§W................#
...§§§................#
......................#
......................#
......................#
................@.....#
................@.....#
......................#
##############


You could see Josephine (burning).

Vanquished Creatures
  Gastronok (D:8)
  Erica (D:8)
  A two-headed ogre (D:9)
  An unseen horror (D:10)
  Pikel (D:6)
  A cyclops (D:8)
  Joseph (D:7)
  Grinder (D:6)
  Sigmund (D:6)
  5 yaks (D:9)
  3 wraiths (D:10)
  Grum (D:8)
  A hungry ghost (D:7)
  A water moccasin (D:6)
  2 ice beasts
  3 phantoms
  2 orc warriors
  2 sky beasts
  3 slaves (D:6)
  A centaur (D:8)
  2 wolves (D:8)
  An ogre (D:6)
  2 bullfrogs
  A killer bee (D:10)
  3 howler monkeys
  3 centaur zombies
  2 crimson imps
  2 quasits
  A hound (D:3)
  2 jellies
  3 orc priests
  An iguana (D:9)
  6 orc wizards
  A bullfrog skeleton (D:4)
  9 worker ants
  2 hound skeletons (D:4)
  A worker ant zombie (D:6)
  Robin (D:2)
  10 adders
  10 gnolls
  A shadow imp (D:5)
  3 adder zombies
  2 adder skeletons
  2 worms
  A dart slug (D:2)
  A leopard gecko (D:5)
  39 orcs
  5 giant cockroaches
  10 goblins
  12 hobgoblins
  6 jackals
  3 quokkas
  2 ball pythons
  3 bats
  6 frilled lizards
  A jackal skeleton (D:6)
  A jackal zombie (D:5)
  2 kobolds (D:1)
  9 rats
205 creatures vanquished.

Vanquished Creatures (others)
  A centaur (D:6)
  A quokka zombie (D:6)
  21 toadstools (D:7)
23 creatures vanquished.

Grand Total: 228 creatures vanquished

Notes
Turn   | Place    | Note
-------+----------+-------------------------------------------
     0 | D:1      | GameOver the Naga Wizard began the quest for the Orb.
     0 | D:1      | Reached XP level 1. HP: 15/15 MP: 4/4
   160 | D:1      | Reached XP level 2. HP: 24/24 MP: 1/6
   803 | D:2      | Reached skill level 2 in Conjurations
   822 | D:2      | Reached skill level 1 in Fighting
   831 | D:2      | Reached XP level 3. HP: 15/31 MP: 3/7
   946 | D:2      | Noticed Robin
   950 | D:2      | Killed Robin
   998 | D:2      | Learned a level 2 spell: Blink
  1002 | D:2      | Learned a level 3 spell: Mephitic Cloud
  1121 | D:2      | Found a basalt altar of Yredelemnul.
  1172 | D:2      | Found a white marble altar of Elyvilon.
  1223 | D:2      | Reached XP level 4. HP: 38/38 MP: 6/8
  1234 | D:2      | Found a bloodstained altar of Trog.
  1463 | D:2      | Found a radiant altar of Vehumet.
  1472 | D:2      | Found a shadowy altar of Dithmenos.
  1475 | D:2      | Found a shattered altar of Ashenzari.
  1574 | D:3      | Reached skill level 1 in Poison Magic
  1662 | D:3      | Found an iron altar of Okawaru.
  1674 | D:3      | Reached skill level 1 in Air Magic
  1710 | D:3      | Reached XP level 5. HP: 33/45 MP: 5/9
  1745 | D:3      | Reached skill level 3 in Conjurations
  1889 | D:3      | Reached XP level 6. HP: 52/52 MP: 3/10
  1936 | D:3      | Reached skill level 5 in Stealth
  2316 | D:4      | Found Zoxkiona's Weapon Boutique.
  2578 | D:4      | Reached skill level 4 in Conjurations
  2670 | D:4      | Reached XP level 7. HP: 61/61 MP: 11/11
  2973 | D:5      | Entered Level 5 of the Dungeon
  3001 | D:5      | Learned a level 4 spell: Sticky Flame
  3543 | D:6      | Noticed Pikel
  3569 | D:6      | Reached skill level 1 in Fire Magic
  3606 | D:6      | Killed Pikel
  3606 | D:6      | Reached skill level 5 in Conjurations
  3606 | D:6      | Reached XP level 8. HP: 66/69 MP: 9/12
  4008 | D:6      | Noticed Grinder
  4150 | D:7      | Reached skill level 5 in Air Magic
  4351 | D:7      | Noticed Joseph
  4376 | D:7      | Killed Joseph
  4376 | D:7      | Reached skill level 6 in Conjurations
  4376 | D:7      | Reached skill level 5 in Poison Magic
  4376 | D:7      | Reached XP level 9. HP: 41/78 MP: 4/13
  4580 | D:7      | Got a pitted leather armour
  4591 | D:7      | Identified the +2 leather armour "Zaxtef" {*Contam rC+ Dex+5} (You found it on level 7 of the Dungeon)
  4806 | D:7      | Reached skill level 1 in Staves
  5250 | D:7      | Found a blossoming altar of Fedhas.
  5261 | D:7      | Noticed an oklob plant
  5454 | D:6      | Found a staircase to the Ecumenical Temple.
  5464 | Temple   | Entered the Ecumenical Temple
  5469 | Temple   | Became a worshipper of Cheibriados the Contemplative
  5558 | D:6      | Killed Grinder
  5558 | D:6      | Reached skill level 1 in Armour
  5558 | D:6      | Reached skill level 5 in Fire Magic
  5629 | D:6      | Noticed Sigmund
  5638 | D:6      | Killed Sigmund
  5729 | D:8      | Noticed Erica
  5922 | D:8      | Reached skill level 5 in Fighting
  5926 | D:8      | Noticed Gastronok
  5972 | D:8      | Noticed a cyclops
  6161 | D:8      | Killed Erica
  6161 | D:8      | Reached skill level 7 in Conjurations
  6161 | D:8      | Reached XP level 10. HP: 70/88 MP: 3/14
  6203 | D:8      | Found an ornate altar of the Wu Jian Council.
  6213 | D:8      | Noticed Grum
  6291 | D:8      | Reached * piety under Cheibriados
  6765 | D:9      | Reached skill level 1 in Invocations
  6766 | D:9      | Noticed a two-headed ogre
  6796 | D:9      | Killed a two-headed ogre
  6846 | D:9      | Reached ** piety under Cheibriados
  7152 | D:9      | Found Hograwodgh's Assorted Antiques.
  7155 | D:9      | Bought a scroll labeled AHOSE XIRRUH for 35 gold pieces
  7155 | D:9      | Bought a sapphire potion for 31 gold pieces
  7155 | D:9      | Bought a yellow potion for 31 gold pieces
  7221 | D:8      | Killed Grum
  7332 | D:8      | Killed Gastronok
  7332 | D:8      | Reached XP level 11. HP: 67/97 MP: 11/15
  7348 | D:8      | Killed a cyclops
  7585 | D:10     | Entered Level 10 of the Dungeon
  7592 | D:10     | Learned a level 5 spell: Fireball
  7615 | D:10     | Noticed an unseen horror
  7622 | D:10     | Killed an unseen horror
  7622 | D:10     | Reached skill level 8 in Conjurations
  7628 | D:10     | Noticed Josephine
  7656 | D:10     | Slain by Josephine

Vault maps used:
D:1:      lemuel_arrival_funnel
D:2:      kennysheep_ying_yang, bloody_trog, grunt_temple_overflow_open,
          uniq_robin
D:3:      okawaru_gym_becter, first_ration
D:4:      serial_shops, shop
D:5:      st_stairs_6
D:6:      minmay_temple_entry_from_below_a, grunt_ministairs_10, uniq_grinder,
          uniq_pikel, uniq_sigmund
D:7:      tgw_fedhas, hex_tiny, uniq_joseph
D:8:      nicolae_overflow_hidden_temple, minmay_sticks_and_stones, uniq_erica,
          uniq_grum, uniq_gastronok
D:9:      serial_shops, kennysheep_mini_moat
D:10:     due_lair_maze_entry_diamond, serial_shops, nicolae_shop_trees,
          uniq_josephine
Temple:   cyrus_circular_temple

Skill      XL: |  1  2  3  4  5  6  7  8  9 10 11 |
---------------+----------------------------------+-----
Conjurations   | 2 3 4 5 6 7 8 |  8.1
Fighting       | 1 2 3 4 5 6 |  6.2
Stealth        | 4 5 |  5.0
Poison Magic   | 1 2 4 5 |  5.1
Air Magic      | 1 2 3 4 5 |  5.0
Fire Magic     | 2 4 6 |  6.7
Staves         | 3 4 |  4.2
Armour         | 2 4 |  4.6
Translocations | 2 |  2.1
Invocations    | 6 7 |  7.2
Dodging        | |  1.5
Spellcasting   | |  3.2
Summonings     | |  1.0

Action                   |  1- 3 |  4- 6 |  7- 9 | 10-12 || total
-------------------------+-------+-------+-------+-------++-------
Melee: Dagger            |     9 |       |       |       ||     9
       Short sword       |     9 |    50 |    15 |       ||    74
       Trident           |       |    13 |    83 |       ||    96
       Flail             |       |       |    12 |       ||    12
       Quarterstaff      |       |       |    83 |    81 ||   164
       Scimitar          |       |       |       |     7 ||     7
 Cast: Magic Dart        |    36 |    67 |   100 |    40 ||   243
       Mephitic Cloud    |       |     4 |    17 |     7 ||    28
       Sticky Flame      |       |       |     2 |    11 ||    13
       Blink             |       |       |     2 |     3 ||     5
       Fireball          |       |       |       |     1 ||     1
 Abil: Spit Poison       |    31 |    40 |    58 |    34 ||   163
Evoke: Wand              |       |       |       |     2 ||     2
  Use: Potion            |     1 |       |     3 |    12 ||    16
       Scroll            |       |       |     4 |    14 ||    18
 Stab: Sleeping          |       |     2 |       |       ||     2
       Confused          |       |     1 |     6 |       ||     7
       Invisible         |       |       |       |     6 ||     6
  Eat: Chunk             |     2 |     7 |    14 |     5 ||    28
       Ration            |       |       |     2 |       ||     2
Armor: Robe              |     8 |    20 |    26 |       ||    54
       Leather armour    |       |       |    23 |    24 ||    47
Dodge: Dodged            |    23 |    34 |    91 |    41 ||   189
       Rpst.: Scimitar   |       |       |       |     1 ||     1

Table legend:
 A = Spawn XP
 B = Non-spawn XP
 C = Spawn XP percentage of total XP
 D = Spawn monster count
 E = Non-spawn monster count
 F = Spawn count percentage of total count
 G = Total turns spent on level
                    A         B        C        D         E        F      G
               +---------+---------+-------+---------+---------+-------+---------
         Total |       0 |   12977 |   0.0 |       0 |     202 |   0.0 |  7656
               +---------+---------+-------+---------+---------+-------+---------
           D:1 |       0 |      22 |   0.0 |       0 |      14 |   0.0 |   785
           D:2 |       0 |      74 |   0.0 |       0 |      24 |   0.0 |   768
           D:3 |       0 |     333 |   0.0 |       0 |      40 |   0.0 |   724
           D:4 |       0 |     199 |   0.0 |       0 |      14 |   0.0 |   696
           D:5 |       0 |     216 |   0.0 |       0 |      13 |   0.0 |   441
           D:6 |       0 |    1682 |   0.0 |       0 |      17 |   0.0 |   891
           D:7 |       0 |    1175 |   0.0 |       0 |      22 |   0.0 |  1645
           D:8 |       0 |    5122 |   0.0 |       0 |      34 |   0.0 |   984
           D:9 |       0 |    2755 |   0.0 |       0 |      18 |   0.0 |   640
          D:10 |       0 |    1399 |   0.0 |       0 |       6 |   0.0 |    71
               +---------+---------+-------+---------+---------+-------+---------
